 Dungeon Crawl Stone Soup version 0.21.1-1-g345015f (webtiles) character file.

4166 wojtek the Cleaver (level 10, -1/92 HPs)
             Began as a Minotaur Fighter on Apr 13, 2018.
             Was a Believer of Makhleb.
             Slain by a two-headed ogre
             ... wielding a +0 giant club
              (17 damage)
             ... on level 8 of the Dungeon.
             The game lasted 00:11:31 (10912 turns).

wojtek the Cleaver (Minotaur Fighter)              Turns: 10912, Time: 00:11:33

Health: -1/92      AC: 15    Str: 24    XL:     10   Next: 7%
Magic:  9/9        EV:  9    Int:  5    God:    Makhleb [**....]
Gold:   559        SH:  3    Dex: 10    Spells: 9/9 levels left

rFire    . . .     SeeInvis .   F - +0 battleaxe
rCold    . . .     Gourm    .   (shield currently unavailable)
rNeg     . . .     Faith    .   B - +0 plate armour
rPois    .         Spirit   .   (helmet restricted)
rElec    .         Reflect  +   i - +0 cloak
rCorr    .         Harm     .   (no gloves)
MR       .....                  (no boots)
Stlth    ..........             t - +3 amulet of reflection
HPRegen  0.25/turn              (no ring)
MPRegen  0.11/turn              (no ring)

@: about to teleport
A: retaliatory headbutt, horns 2
a: Minor Destruction, Renounce Religion


You were on level 8 of the Dungeon.
You worshipped Makhleb.
Makhleb was pleased with you.
You were not hungry.

You visited 2 branches of the dungeon, and saw 9 of its levels.

You collected 559 gold pieces.

Inventory:

Hand Weapons
 a - a +0 war axe
 v - a +0 blowgun
 F - a +0 battleaxe (weapon)
Missiles
 w - 6 curare-tipped needles
Armour
 c - a +0 shield
 i - a +0 cloak (worn)
 B - a +0 plate armour (worn)
 D - a +4 chain mail
Jewellery
 t - a +3 amulet of reflection (around neck)
 E - an uncursed amulet of harm {unknown}
Wands
 A - a wand of paralysis (6)
Scrolls
 j - 11 scrolls of identify
 k - a scroll of immolation {unknown}
 l - 2 scrolls of noise {unknown}
 n - 2 scrolls of teleportation
 q - a scroll of random uselessness {unknown}
 r - a scroll of fear
 s - 2 scrolls of amnesia
 u - a scroll of remove curse
 x - a scroll of enchant weapon {unknown}
 y - 4 scrolls of blinking
Potions
 b - a potion of resistance {unknown}
 d - a potion of might
 e - a potion of degeneration {unknown}
 g - 5 potions of heal wounds {unknown}
 h - 2 potions of flight {unknown}
 m - a potion of curing
 o - 3 potions of brilliance
 p - 2 potions of berserk rage {unknown}
 z - 2 potions of invisibility {unknown}
Comestibles
 f - 12 rations
 C - 3 chunks of flesh


   Skills:
 + Level 9.7 Fighting
 + Level 10.4 Axes
 + Level 9.7 Armour
 + Level 5.7 Dodging
 - Level 3.6 Shields


You had 9 spell levels left.
You didn't know any spells.

Dungeon Overview and Level Annotations

Branches:
Dungeon (8/15)             Temple (1/1) D:5            Lair (0/6) D:8

Altars:
Ashenzari
Cheibriados
Dithmenos
Elyvilon
Fedhas
Gozag
Hepliaklqana
Kikubaaqudgha
Makhleb
Nemelex Xobeh
Okawaru
Qazlal
Ru
Sif Muna
Trog
Uskayaw
Vehumet
Wu Jian
Xom
Yredelemnul
Zin
The Shining One


Innate Abilities, Weirdness & Mutations

You reflexively headbutt those who attack you in melee.
You have a pair of horns on your head.


Message History

The two-headed ogre hits you with a giant club!
* * * LOW HITPOINT WARNING * * *
The elephant tramples you.
* * * LOW HITPOINT WARNING * * *
You hold your ground!
The elephant completely misses you.
You turn to flesh and can move again.
As you read the scroll of teleportation, it crumbles to dust.
You feel strangely unstable.
The two-headed ogre closely misses you. x2
The elephant tramples you but does no damage.
The elephant barely misses you.
Unknown command.
Unknown command.
You slice the elephant!!
The elephant is almost dead.
You slash the two-headed ogre!
The elephant tramples you but does no damage.
The elephant trunk-slaps you but does no damage.
The two-headed ogre barely misses you.
The two-headed ogre hits you with a giant club!
You die...

#######.#...........#.#
#.#.######[##.#.# ####
#.#.........#.# # #.
.#.. #.#.#.#.....#.#
..# )#.#
#.....#.....#.. ....
.#.# #.....#.....####
..... .#.#
#.....#....l...#..P...
.#.#
###'#######O##........
...######.#
#@Y....?.....
..........#
#####.....>..
..######### #........
..# ##....... ..#
#....P. ..# ....P. ...
#..... ### #...


You could see an elephant, a two-headed ogre and a basilisk.

Vanquished Creatures
  Pikel (D:4)
  Grinder (D:5)
  Prince Ribbit (D:7)
  Menkaure (D:7)
  A hungry ghost (D:7)
  Duvessa (D:4)
  An ice beast (D:8)
  An orc warrior (D:7)
  3 sky beasts
  2 ogres
  4 centaurs
  2 crocodiles (D:8)
  A big kobold (D:6)
  2 bullfrogs
  Dowan (D:4)
  6 killer bees (D:7)
  4 scorpions
  A water moccasin skeleton (D:6)
  4 wights
  3 crimson imps
  4 orc priests
  A gnoll shaman (D:8)
  4 orc wizards
  Crazy Yiuf (D:3)
  Natasha (twice) (D:4)
  3 worker ants
  A killer bee zombie (D:5)
  A hound zombie (D:7)
  13 gnolls
  12 adders
  An ooze (D:3)
  An adder zombie (D:6)
  2 adder skeletons (D:4)
  A worm (D:2)
  2 dart slugs
  5 leopard geckos
  31 orcs
  6 bats
  6 giant cockroaches
  14 goblins
  10 hobgoblins
  5 jackals
  16 kobolds
  2 quokkas
  5 frilled lizards
  11 rats
201 creatures vanquished.

Vanquished Creatures (others)
  Natasha (D:4)
1 creature vanquished.

Grand Total: 202 creatures vanquished

Notes
Turn   | Place    | Note
-------+----------+-------------------------------------------
     0 | D:1      | wojtek the Minotaur Fighter began the quest for the Orb.
     0 | D:1      | Reached XP level 1. HP: 19/19 MP: 0/0
   201 | D:1      | Reached skill level 3 in Axes
   318 | D:1      | Reached XP level 2. HP: 18/26 MP: 1/1
   904 | D:1      | Reached skill level 4 in Axes
  1106 | D:2      | Reached XP level 3. HP: 25/31 MP: 2/2
  1303 | D:2      | Reached skill level 5 in Axes
  1340 | D:2      | Reached XP level 4. HP: 37/39 MP: 3/3
  2224 | D:3      | Reached XP level 5. HP: 41/46 MP: 4/4
  2667 | D:3      | Reached skill level 6 in Axes
  2816 | D:3      | Found a runed door.
  3393 | D:3      | Noticed Crazy Yiuf
  3399 | D:3      | Killed Crazy Yiuf
  3399 | D:3      | Reached XP level 6. HP: 25/55 MP: 5/5
  3725 | D:4      | Noticed Dowan
  3728 | D:4      | Noticed Duvessa
  3741 | D:4      | Killed Duvessa
  3741 | D:4      | Reached skill level 5 in Fighting
  3741 | D:4      | Reached skill level 5 in Armour
  3742 | D:4      | Killed Dowan
  4119 | D:4      | Reached XP level 7. HP: 60/61 MP: 6/6
  4201 | D:4      | Noticed Natasha
  4204 | D:4      | Killed Natasha
  4224 | D:4      | Noticed Natasha
  4233 | D:4      | Killed Natasha
  4233 | D:4      | Reached skill level 7 in Axes
  4338 | D:4      | Noticed Pikel
  4357 | D:4      | Killed Pikel
  4357 | D:4      | Reached XP level 8. HP: 55/71 MP: 7/7
  4602 | D:4      | Reached skill level 8 in Axes
  4626 | D:4      | Killed Natasha
  4772 | D:4      | Found a bloodstained altar of Trog.
  5288 | D:4      | Found a bloodstained altar of Trog.
  5701 | D:5      | Entered Level 5 of the Dungeon
  6001 | D:5      | Found a staircase to the Ecumenical Temple.
  6024 | Temple   | Entered the Ecumenical Temple
  6212 | Temple   | Became a worshipper of Makhleb the Destroyer
  6249 | D:5      | Noticed Grinder
  6258 | D:5      | Killed Grinder
  6258 | D:5      | Reached skill level 1 in Dodging
  7145 | D:6      | Reached skill level 9 in Axes
  7241 | D:6      | You fall through a shaft!
  7250 | D:7      | Reached XP level 9. HP: 28/81 MP: 8/8
  7666 | D:7      | Noticed Prince Ribbit
  7689 | D:7      | Killed Prince Ribbit
  7847 | D:7      | Noticed Menkaure
  8567 | D:7      | Killed Menkaure
  8979 | D:7      | Reached * piety under Makhleb
  9772 | D:7      | Reached skill level 10 in Axes
  9772 | D:7      | Reached skill level 5 in Dodging
 10292 | D:8      | Reached ** piety under Makhleb
 10303 | D:8      | Found a staircase to the Lair.
 10303 | D:8      | Noticed an elephant
 10439 | D:8      | Reached XP level 10. HP: 47/91 MP: 9/9
 10899 | D:8      | Noticed a two-headed ogre
 10912 | D:8      | Slain by a two-headed ogre

Skill      XL: |  1  2  3  4  5  6  7  8  9 |
---------------+----------------------------+-----
Axes           | 3 4 5 6 7 9 10 | 10.4
Fighting       | 4 5 6 8 9 |  9.7
Armour         | 4 5 6 8 9 |  9.7
Dodging        | 3 5 |  5.7
Shields        | |  3.6

Action                   |  1- 3 |  4- 6 |  7- 9 | 10-12 || total
-------------------------+-------+-------+-------+-------++-------
Melee: War axe           |    78 |   194 |   207 |       ||   479
       Headbutt          |     8 |    20 |    58 |     8 ||    94
       Battleaxe         |       |       |   131 |    24 ||   155
Evoke: Wand              |       |       |       |     1 ||     1
  Use: Potion            |       |     1 |     1 |       ||     2
       Scroll            |       |       |     7 |     2 ||     9
  Eat: Chunk             |     2 |     9 |    10 |     1 ||    22
       Ration            |       |       |     4 |       ||     4
Armor: Scale mail        |    33 |    29 |       |       ||    62
       Chain mail        |       |    35 |    53 |       ||    88
       Plate armour      |       |       |   195 |    34 ||   229
Dodge: Dodged            |    25 |    32 |   106 |    17 ||   180
Block: Shield            |    36 |    83 |    98 |       ||   217
       Reflection        |       |       |     8 |       ||     8
       Other             |       |       |    20 |     2 ||    22
